 Dungeon Crawl Stone Soup version 0.25-a0-316-gd28d56f9c5 (webtiles) character file.

Game seed: 13847923826851336419, levelgen mode: classic

38670 Borgoz the Fighter (level 14, -3/91 HPs)
             Began as a Gargoyle Gladiator on Dec 25, 2019.
             Was a Priest of Ashenzari.
             Killed from afar by a frost giant (39 damage)
             ... with a bolt of cold
             ... in an ice cave.
             The game lasted 00:40:26 (18037 turns).

Borgoz the Fighter (Gargoyle Gladiator)            Turns: 18037, Time: 00:40:27

Health: -3/91      AC: 32    Str: 18    XL:     14   Next: 3%
Magic:  20/20      EV: 11    Int: 10    God:    Ashenzari [***...]
Gold:   1740       SH:  0    Dex: 18    Spells: 21/22 levels left

rFire    . . .     SeeInvis +   a - +1 quarterstaff (curse)
rCold    . . .     Gourm    .   (shield currently unavailable)
rNeg     + . .     Faith    .   F - +0 plate armour
rPois    ∞         Spirit   .   c - +0 helmet
rElec    +         Reflect  .   (no cloak)
rCorr    .         Harm     .   y - +0 pair of gloves (curse)
MR       +....                  v - +2 pair of boots
Stlth    ..........             p - amulet of rage
HPRegen  0.25/turn              (no ring)
MPRegen  0.17/turn              t - +3 ring of dexterity

@: flying, invisible
A: big wings, negative energy resistance 1, electricity resistance, unbreathing,
petrification resistance, rot immunity, AC +10
a: Stop Flying, Curse Item, Scrying, Renounce Religion, Evoke Berserk Rage


You were in an ice cave.
You worshipped Ashenzari.
Ashenzari was most pleased with you.
You were hungry.

You visited 2 branches of the dungeon, and saw 16 of its levels.
You also visited: Bailey and Ice Cave.

You collected 1922 gold pieces.
You spent 182 gold pieces at shops.

Inventory:

Hand Weapons
 a - a cursed +1 quarterstaff (weapon)
 n - the +10 whip of Generosity {protect, rF- rN+ Int+3 Dex+3}
   (You found it on level 6 of the Dungeon)

   It grants its wielder temporary protection when it strikes (+7 to AC).
   It affects your intelligence (+3).
   It affects your dexterity (+3).
   It makes you vulnerable to fire.
   It protects you from negative energy.
 B - the cursed +1 falchion of Hell's Wrath {slice, rC- rN+ Int+2}
   (You found it on level 13 of the Dungeon)

   It inflicts extra damage upon your enemies.
   It affects your intelligence (+2).
   It makes you vulnerable to cold.
   It protects you from negative energy.
   It has a curse placed upon it.
Missiles
 e - a throwing net (quivered)
Armour
 c - a +0 helmet (worn)
 v - a +2 pair of boots (worn)
 y - a cursed +0 pair of gloves (worn)
 F - a +0 plate armour (worn)
Jewellery
 p - an amulet of rage (around neck)
 s - an uncursed ring of fire
 t - a +3 ring of dexterity (right hand)
Wands
 m - a wand of random effects (24)
 w - a wand of iceblast (17)
 D - a wand of polymorph (2)
 H - a wand of digging (5)
Scrolls
 g - 11 scrolls of teleportation
 i - 5 scrolls of amnesia
 j - 6 scrolls of enchant armour
 l - 4 scrolls of magic mapping
 q - 3 scrolls of fog
 z - a scroll of blinking
 A - 8 scrolls of identify
 C - 2 scrolls of enchant weapon
Potions
 b - 2 potions of haste
 d - a potion of flight
 k - 3 potions of brilliance
 o - a potion of mutation
 r - 3 potions of resistance
 u - a potion of might
 x - a potion of magic
 E - 2 potions of curing
Comestibles
 f - 24 rations
 G - 4 chunks of flesh


   Skills:
 * Level 11.7 Fighting
 * Level 11.4(14.9) Staves
 - Level 1.7 Throwing
 * Level 11.6 Armour
 * Level 9.7 Dodging
 - Level 5.0 Stealth
 + Level 4.5 Spellcasting
 + Level 4.6 Hexes
 - Level 5.0 Evocations


You had 21 spell levels left.
You knew the following spells:

 Your Spells              Type           Power        Failure   Level  Hunger
a - Confusing Touch       Hex            ##....       56%         1    #......

Your spell library contained the following spells:

 Spells                   Type           Power        Failure   Level  Hunger
 Corona                   Hex            ##.....      56%         1    #......
 Slow                     Hex            ##......     71%         2    ##.....
 Animate Skeleton         Necr           N/A          99%         1    #......
 Apportation              Tloc           #.....       99%         1    #......
 Foxfire                  Conj/Fire      #...         99%         1    #......
 Freeze                   Ice            #...         99%         1    #......
 Summon Small Mammal      Summ           #...         99%         1    #......
 Inner Flame              Hex/Fire       #.......     99%         3    ###....
 Portal Projectile        Hex/Tloc       #.....       99%         3    ###....
 Conjure Flame            Conj/Fire      #.......     100%        3    ###....
 Ignite Poison            Fire/Tmut/Pois #.......     100%        3    ###....
 Ozocubu's Armour         Chrm/Ice       #.......     100%        3    ###....
 Cause Fear               Hex            ##........   100%        4    #####..
 Hailstorm                Conj/Ice       #.......     100%        4    #####..
 Leda's Liquefaction      Hex/Erth       #.........   100%        4    #####..
 Petrify                  Tmut/Erth      #.......     100%        4    #####..
 Sticky Flame             Conj/Fire      #.......     100%        4    #####..
 Summon Ice Beast         Ice/Summ       #.......     100%        4    #####..
 Fireball                 Conj/Fire      #.........   100%        5    ######.
 Shatter                  Erth           #.........   100%        9    #######


Dungeon Overview and Level Annotations

Branches:
Dungeon (15/15)            Temple (1/1) D:4            Lair (0/6) D:9
    Orc (0/2) D:11         Vaults (0/5) D:14         Bailey (visited)
  IceCv (1/1)
 Depths: D:15

Altars:
Ashenzari
Cheibriados
Dithmenos
Elyvilon
Fedhas
Gozag
Hepliaklqana
Kikubaaqudgha
Makhleb
Nemelex Xobeh
Okawaru
Qazlal
Ru
Sif Muna
Trog
Uskayaw
Vehumet
Wu Jian
Xom
Yredelemnul
Zin
The Shining One
Jiyva

Shops:
D:10 ?


Innate Abilities, Weirdness & Mutations

You are resistant to torment.
Your stone body is resilient. (AC +10)
You are immune to poison.
Your large and strong wings let you fly indefinitely.
You resist negative energy. (rN+)
You are resistant to electric shocks. (rElec)
You can survive without breathing.
You are immune to petrification.
You are immune to rotting.


Message History

You closely miss the polar bear.
The polar bear is moderately wounded.
The polar bear closely misses you.
The polar bear claws you but does no damage. x2
You hit the polar bear but do no damage.
The polar bear is moderately wounded.
Your plate armour prevents you from hitting the polar bear.
The polar bear is moderately wounded.
The polar bear bites you but does no damage.
The polar bear claws you but does no damage.
The polar bear barely misses you.
You hit the polar bear.
The polar bear is moderately wounded.
You fade into invisibility!
The polar bear bites you. The polar bear barely misses you.
The polar bear claws you but does no damage.
The frost giant points at you and mumbles some strange words.
The bolt of cold hits the polar bear!!
The polar bear resists.
The bolt of cold hits you!!!
You die... #### ########## ##.#. *#YCh##...########.#.⌠ * #Y.{##@..##...#..#.###. *#h.h. ########..#..##### .YhY*

≈ ≈≈
#..#####.≈≈#
YC.** ≈≈≈
##..##..≈#≈≈
*#. ,* ≈ ≈
###...##≈≈≈
# , * **≈ ≈
#####≈≈≈# *
* #≈≈#≈≈≈ ,
* ≈≈≈≈≈≈≈≈ *
, ≈≈≈≈≈≈≈#


You could see a frost giant, a polar bear (wandering) and a yak.

Vanquished Creatures
  An ettin (D:14)
  A hydra (D:13)
  A catoblepas (D:14)
  4 centaur warriors
  A two-headed ogre (D:11)
  2 death yaks (IceCv)
  A shadow wraith (D:14)
  An unseen horror (D:11)
  An orc knight (D:15)
  Pikel (D:6)
  A lindwurm (shapeshifter) (D:13)
  A deep elf mage (D:12)
  2 wizards
  A lindwurm (D:14)
  2 ugly things
  A necromancer (D:14)
  A wolf spider zombie (D:15)
  A cyclops (D:12)
  A cyclops (shapeshifter) (D:15)
  A black mamba (shapeshifter) (D:12)
  3 manticores
  An ice statue (IceCv)
  3 gargoyles
  2 kobold demonologists
  2 rime drakes (D:15)
  A freezing wraith (D:12)
  A troll (D:12)
  10 polar bears (IceCv)
  A meliai (shapeshifter) (D:14)
  A hornet (D:11)
  5 hippogriffs
  A slime creature (D:12)
  A meliai zombie (D:12)
  A shadow (D:13)
  4 wyverns
  A human (D:8)
  4 fire bats (D:11)
  20 yaks
  4 hogs (D:8)
  Grum (D:9)
  2 hungry ghosts
  4 vampire mosquitoes
  A swamp drake (D:11)
  A hell hound (D:11)
  A floating eye (shapeshifter) (D:10)
  3 black bears
  4 slaves
  An eye of draining (D:12)
  12 orc warriors
  3 sky beasts
  An eye of draining (shapeshifter) (D:14)
  A phantom (D:11)
  5 ogres
  3 ice beasts
  17 centaurs
  19 wolves
  A crocodile (D:10)
  6 big kobolds
  A gnoll sergeant (D:12)
  13 bullfrogs
  A scorpion (D:5)
  A water moccasin skeleton (D:12)
  7 killer bees
  12 wights
  4 howler monkeys
  6 crimson imps
  2 lava snakes (D:11)
  A bullfrog zombie (D:9)
  A quasit (D:10)
  4 centaur zombies
  7 jellies
  2 bullfrog skeletons
  7 orc priests
  5 centaur skeletons
  2 hounds
  17 orc wizards
  3 iron imps (D:7)
  4 iguanas
  9 worker ants
  A killer bee zombie (D:5)
  2 howler monkey skeletons
  9 adders
  5 gnolls
  4 shadow imps
  An ooze (D:6)
  2 adder zombies
  An adder skeleton (D:4)
  4 worms
  2 dart slugs
  2 leopard geckos
  60 orcs
  A ball python (D:4)
  6 giant cockroaches
  11 goblins
  6 hobgoblins
  16 jackals
  3 quokkas
  6 bats
  5 frilled lizards
  26 kobolds
  7 rats
467 creatures vanquished.

Vanquished Creatures (others)
  An orc priest (D:11)
  A worker ant (D:11)
  3 fire vortices (D:11)
5 creatures vanquished.

Grand Total: 472 creatures vanquished

Notes
Turn   | Place    | Note
-------+----------+-------------------------------------------
     0 | D:1      | Borgoz the Gargoyle Gladiator began the quest for the Orb.
     0 | D:1      | Reached XP level 1. HP: 12/12 MP: 1/1
    87 | D:1      | Reached XP level 2. HP: 13/17 MP: 2/2
   745 | D:2      | Reached XP level 3. HP: 20/22 MP: 3/3
   794 | D:2      | Found a bloodstained altar of Trog.
   913 | D:2      | Reached skill level 1 in Armour
  1122 | D:2      | Found a bloodstained altar of Trog.
  1313 | D:3      | Reached XP level 4. HP: 25/27 MP: 4/4
  1360 | D:3      | Found a hazy altar of Hepliaklqana.
  1452 | D:3      | Found a glowing golden altar of the Shining One.
  1762 | D:3      | Found a snail-covered altar of Cheibriados.
  1927 | D:3      | Reached XP level 5. HP: 8/32 MP: 5/5
  2200 | D:4      | Noticed a centaur
  2216 | D:4      | Killed a centaur
  2591 | D:4      | Found a staircase to the Ecumenical Temple.
  2598 | D:4      | Reached XP level 6. HP: 33/37 MP: 6/6
  2625 | Temple   | Entered the Ecumenical Temple
  2831 | Temple   | Became a worshipper of Ashenzari the Shackled
  3447 | D:5      | Entered Level 5 of the Dungeon
  3486 | D:5      | Found a blossoming altar of Fedhas.
  3564 | D:5      | Reached skill level 5 in Staves
  3564 | D:5      | Reached XP level 7. HP: 33/42 MP: 7/7
  3865 | D:5      | Reached skill level 1 in Evocations
  3944 | D:6      | Noticed Pikel
  4268 | D:6      | Got the whip of Generosity {protect, rF- rN+ Int+3 Dex+3}
  4284 | D:6      | Reached XP level 8. HP: 48/48 MP: 7/9
  4436 | D:6      | Reached skill level 5 in Fighting
  4756 | D:7      | Found a hide-covered altar of Uskayaw.
  4776 | D:7      | Reached skill level 5 in Dodging
  4851 | D:7      | Identified the +10 whip of Generosity {protect, rF- rN+
                  | Int+3 Dex+3} (You found it on level 6 of the Dungeon)
  4861 | D:7      | Reached skill level 5 in Armour
  5447 | D:7      | Found a burning altar of Makhleb.
  5484 | D:7      | Reached XP level 9. HP: 55/55 MP: 10/10
  6827 | D:8      | Reached * piety under Ashenzari
  6851 | D:8      | Found an opulent altar of Gozag.
  7044 | D:8      | Reached XP level 10. HP: 33/63 MP: 12/12
  7206 | D:8      | Identified the Handbook of Scorching Stones
  7618 | D:8      | Found a shimmering blue altar of Sif Muna.
  7618 | D:8      | Found a sparkling altar of Nemelex Xobeh.
  7943 | D:9      | Found an iron altar of Okawaru.
  7980 | D:9      | Noticed Grum
  8008 | D:9      | Killed Grum
  8324 | D:9      | Identified the cursed +0 robe of the Prince of Darkness
                  | {rElec}
  8529 | D:9      | Found a sparkling altar of Nemelex Xobeh.
  8638 | D:9      | Found a staircase to the Lair.
  8661 | D:9      | Found a viscous altar of Jiyva.
  9069 | D:10     | Entered Level 10 of the Dungeon
  9263 | D:10     | Noticed a gargoyle
  9275 | D:10     | Killed a gargoyle
  9303 | D:10     | Found Pamowiku's Magic Scroll Emporium.
  9309 | D:10     | Bought a scroll of identify for 26 gold pieces
  9309 | D:10     | Bought a scroll of identify for 26 gold pieces
  9309 | D:10     | Bought 2 scrolls of identify for 52 gold pieces
  9309 | D:10     | Bought a scroll of identify for 26 gold pieces
  9309 | D:10     | Bought a scroll of identify for 26 gold pieces
  9309 | D:10     | Bought a scroll of identify for 26 gold pieces
  9379 | D:10     | Reached XP level 11. HP: 59/69 MP: 14/14
  9820 | D:6      | Killed Pikel
  9910 | D:6      | Reached ** piety under Ashenzari
 10388 | D:10     | Noticed a soul eater
 10403 | D:10     | Learned a level 1 spell: Confusing Touch
 10891 | D:11     | Reached skill level 1 in Stealth
 10941 | D:11     | Noticed a green ugly thing
 10942 | D:11     | Found a sacrificial altar of Ru.
 10973 | D:11     | Killed a green ugly thing
 10973 | D:11     | Reached skill level 1 in Spellcasting
 10973 | D:11     | Reached skill level 1 in Hexes
 10994 | D:11     | Killed an unseen horror
 11397 | D:11     | Noticed a two-headed ogre
 11422 | D:11     | Killed a two-headed ogre
 11434 | D:11     | Reached skill level 5 in Evocations
 11605 | D:11     | Found a staircase to the Orcish Mines.
 12090 | D:12     | Reached XP level 12. HP: 70/76 MP: 15/15
 13093 | D:12     | Reached skill level 10 in Fighting
 13151 | D:12     | Reached skill level 10 in Staves
 13151 | D:12     | Reached skill level 10 in Armour
 13836 | D:13     | Noticed a centaur warrior
 13836 | D:13     | Noticed a centaur warrior
 13838 | D:13     | Reached *** piety under Ashenzari
 13855 | D:13     | Killed a centaur warrior
 13866 | D:13     | Killed a centaur warrior
 14038 | D:13     | Found a flagged portal.
 14080 | Bailey   | Entered a bailey
 14241 | Bailey   | Found a bloodstained altar of Trog.
 14316 | D:13     | Identified the cursed +1 falchion of Hell's Wrath {slice,
                  | rC- rN+ Int+2}
 14748 | D:13     | Noticed an eight-headed hydra
 14762 | D:13     | Killed an eight-headed hydra
 14762 | D:13     | Reached XP level 13. HP: 81/83 MP: 17/17
 15537 | D:14     | Noticed an ettin
 15586 | D:14     | Reached skill level 5 in Stealth
 15596 | D:14     | Killed an ettin
 15858 | D:14     | Found a gate to the Vaults.
 15896 | D:14     | Found a glowing golden altar of the Shining One.
 16261 | D:15     | Entered Level 15 of the Dungeon
 16519 | D:15     | Found a frozen archway.
 16547 | IceCv    | Entered an ice cave
 17968 | IceCv    | Noticed a frost giant
 18006 | IceCv    | Gained mutation: Your large and strong wings let you fly
                  | indefinitely. [Gargoyle growth]
 18006 | IceCv    | Reached XP level 14. HP: 71/91 MP: 20/20
 18037 | IceCv    | Killed from afar by a frost giant

Levels and vault maps discovered:
D:1:      erik_arrival_blinker_ship, layout_rooms, grunt_decor_mini_mirrors
D:2:      layout_rooms, overflow_temple_1_default, solitary_fountain,
          trog_hazing_becter
D:3:      layout_basic, nicolae_overflow_crystal_walls,
          overflow_temple_1_default, chequers_garden, kennysheep_slug_shrine
D:4:      layout_cave_pods, temple_statues,
          hangedman_abyss_or_decor_lesser_grid, st_stairs_9, grunt_decor_clamped
D:5:      layout_rooms, fedhas_bush_and_centaur_altar, first_ration
D:6:      layout_rooms, minmay_tree_intersection, uniq_pikel
D:7:      layout_rooms, eat_drink_and_be_merry_uskayaw, demons_altar
D:8:      layout_gridville, gammafunk_temple_overflow_wave, grunt_gozag_statues,
          grunt_livestock
D:9:      layout_loops_ring, kennysheep_okawaru_gauntlet, dpeg_oklobed_lair,
          basic_altar, jiyva_altar_1, uniq_grum
D:10:     layout_rooms, serial_shops, nicolae_shop_behind_doors
D:11:     layout_roguey, erik_orc_1, basic_altar, hangedman_incinerator
D:12:     wad_guarded_room, layout_small_grid, kennysheep_pointless_box
D:13:     layout_rooms, enter_bailey_3
D:14:     layout_irregular_city, david_vaults_4, tso_altar
D:15:     grunt_enter_depths_snipers, layout_gridville, portal_ice_cave_rime,
          chequers_serial_rivers_micro_c
Temple:   hc_temple_tempest_star
IceCv:    ice_cave_caverns_03

Skill      XL: |  1  2  3  4  5  6  7  8  9 10 11 12 13 |
---------------+----------------------------------------+-----
Armour         | 1 2 3 5 6 8 9 10 11 | 11.6
Dodging        | 3 4 5 6 7 8 9 |  9.7
Fighting       | 3 4 5 7 8 9 10 11 | 11.7
Staves         | 4 5 6 7 8 9 10 11 | 11.4
Evocations     | 1 2 3 4 5 |  5.0
Stealth        | 2 4 5 |  5.0
Spellcasting   | 1 3 4 |  4.5
Hexes          | 2 3 4 |  4.6
Throwing       | |  1.7

Action                   |  1- 3 |  4- 6 |  7- 9 | 10-12 | 13-15 || total
-------------------------+-------+-------+-------+-------+-------++-------
Melee: Quarterstaff      |    95 |   189 |   400 |  1384 |   778 ||  2846
Throw: Throwing net      |     2 |     2 |     2 |     2 |       ||     8
Invok: Curse Item        |       |       |     1 |       |       ||     1
 Abil: Evoke Berserk Rag |       |     1 |     7 |     4 |     2 ||    14
       Fly               |       |       |       |       |     1 ||     1
Evoke: Wand              |       |       |     4 |    17 |       ||    21
  Use: Scroll            |       |    11 |     5 |     6 |     3 ||    25
       Potion            |       |     1 |     2 |     3 |     3 ||     9
 Stab: Held in net/web   |       |       |     2 |     5 |       ||     7
       Confused          |       |       |       |     1 |       ||     1
       Invisible         |       |       |       |       |     5 ||     5
       Distracted        |       |       |       |       |     2 ||     2
  Eat: Chunk             |     1 |     8 |    14 |    25 |    12 ||    60
       Ration            |       |       |     1 |     3 |       ||     4
Armor: Leather armour    |    38 |    63 |       |       |       ||   101
       Scale mail        |       |    43 |   276 |   502 |       ||   821
       Plate armour      |       |       |       |   269 |   482 ||   751
Dodge: Dodged            |    79 |   157 |   373 |   883 |   376 ||  1868

Table legend:
 A = Non-vault XP
 B = Vault XP
 C = Vault XP percentage of total XP
 D = Non-vault monster count
 E = Vault monster count
 F = Vault count percentage of total count
                 A         B        C        D         E       F
            +---------+---------+-------+---------+---------+-------
      Total |   33146 |   22098 |  40.0 |     326 |     139 |  29.9
            +---------+---------+-------+---------+---------+-------
        D:1 |      19 |       0 |   0.0 |      14 |       0 |   0.0
        D:2 |      46 |      11 |  19.3 |       8 |       6 |  42.9
        D:3 |     103 |       4 |   3.7 |      27 |       1 |   3.6
        D:4 |     300 |       8 |   2.6 |      13 |       2 |  13.3
        D:5 |     373 |     110 |  22.8 |       9 |       1 |  10.0
        D:6 |     992 |     641 |  39.3 |      28 |       1 |   3.4
        D:7 |    1298 |     123 |   8.7 |      35 |       3 |   7.9
        D:8 |    1705 |     982 |  36.5 |      23 |       5 |  17.9
        D:9 |    1387 |     698 |  33.5 |      26 |      10 |  27.8
       D:10 |    2330 |       0 |   0.0 |      29 |       0 |   0.0
       D:11 |    5425 |    1610 |  22.9 |      36 |      24 |  40.0
       D:12 |    3599 |    3943 |  52.3 |      27 |      17 |  38.6
       D:13 |    6156 |       8 |   0.1 |      22 |       4 |  15.4
       D:14 |    5362 |    3007 |  35.9 |      12 |       5 |  29.4
       D:15 |    4051 |     745 |  15.5 |      17 |       2 |  10.5
     Bailey |       0 |     565 | 100.0 |       0 |      16 | 100.0
      IceCv |       0 |    9643 | 100.0 |       0 |      42 | 100.0
            +---------+---------+-------+---------+---------+-------
